 Dungeon Crawl Stone Soup version 0.17-a0-546-g92f1a90 (webtiles) character file.

257 Ghalim the Cudgeler (level 6, -3/40 HPs)
             Began as a Gargoyle Fighter on Apr 13, 2015.
             Slain by an ogre
             ... wielding a +0 giant club
              (11 damage)
             ... on level 4 of the Dungeon.
             The game lasted 00:06:00 (2837 turns).

Ghalim the Cudgeler (Gargoyle Fighter)              Turns: 2837, Time: 00:06:00

Health: -3/40      AC: 11    Str: 26    XL:     6   Next: 16%
Magic:  6/6        EV:  7    Int:  9    God:
Gold:   162        SH:  9    Dex:  9    Spells: 0 memorised, 5 levels left

rFire  . . .     SeeInvis .     a - +0 flail
rCold  . . .     Clarity  .     b - +0 scale mail
rNeg   + . .     SustAb   .     c - +0 shield
rPois  ∞         Gourm    .     (no helmet)
rElec  +         Spirit   .     (no cloak)
rCorr  .         Warding  .     (no gloves)
rMut   .         Stasis   .     (no boots)
MR     .....                    (no amulet)
Stlth  ..........               (no ring)
                                (no ring)

@: mighty, not resistant to hostile enchantments, extremely unstealthy
A: negative energy resistance 1, electricity resistance, unbreathing,
petrification resistance, rot immunity, AC +4
a: no special abilities


You were on level 4 of the Dungeon.
You were hungry.

You visited 1 branch of the dungeon, and saw 4 of its levels.

You collected 162 gold pieces.

Inventory:

Hand weapons
 a - a +0 flail (weapon)
 l - a cursed -1 mace
Armour
 b - a +0 scale mail (worn)
 c - a +0 shield (worn)
 q - a +0 pair of boots
Jewellery
 j - a cursed amulet of inaccuracy {unknown}
 v - an uncursed amulet of faith {unknown}
Scrolls
 f - 9 scrolls of identify {unknown}
 g - 2 scrolls of fear {unknown}
 h - a scroll of immolation {unknown}
 i - a scroll of enchant weapon {unknown}
 m - a scroll of amnesia {unknown}
 o - 2 scrolls of remove curse {unknown}
 r - a scroll of magic mapping {unknown}
Potions
 k - a potion of brilliance {unknown}
 n - a potion of poison {unknown}
 t - 2 potions of mutation {unknown}
 u - a potion of curing {unknown}
Books
 s - a book of Summonings

   Spells                             Type                      Level
   a - Abjuration                     Summoning                    3
   b - Recall                         Summoning/Translocation      3
   c - Shadow Creatures               Summoning                    5
   d - Summon Demon                   Summoning                    5
   e - Summon Forest                  Summoning/Translocation      5
   f - Monstrous Menagerie            Summoning                    6
Comestibles
 d - 5 bread rations
 p - 2 meat rations


   Skills:
 + Level 4.8 Fighting
 * Level 5.3 Maces & Flails
 - Level 3.2 Armour
 - Level 3.2 Shields


You had 5 spell levels left.
You didn't know any spells.

Dungeon Overview and Level Annotations

Branches:
Dungeon (4/15)
 Temple: D:4-7

Altars:
Dithmenos
Makhleb


Innate Abilities, Weirdness & Mutations

You are resistant to torment.
Your stone body is resilient (AC +4).
You are immune to poison.
You resist negative energy.
You are resistant to electric shocks.
You can survive without breathing.
You are immune to petrification.
You are immune to rotting.


Message History

You open the door.
A hobgoblin and an ogre come into view.
The hobgoblin shouts!
The ogre shouts!
You hit the ogre.
The ogre is lightly wounded.
You block the ogre's attack.
You hit the ogre but do no damage.
The ogre is lightly wounded.
The ogre hits you with a giant club!
You thump the ogre!
The ogre is heavily wounded.
The ogre hits you with a giant club!
* * * LOW HITPOINT WARNING * * *
Drink which item? (? for menu, Esc to quit)
You feel very mighty all of a sudden. You block the ogre's attack.
You hit the ogre.
The ogre is heavily wounded.
The ogre hits you with a giant club!
You die...

#.#. #.#.
# #.#. #..
#.#.
......#.#.
####
#.....<.
#..
........#(
#.#
#.######.
#@#
#...((.
###O##
#.#####
#..g.# #
#....#
#....#
#<...#
#....#
###'## #.#


You could see an ogre and a hobgoblin.

Vanquished Creatures
  A giant frog (D:3)
  2 orc wizards
  3 adders
  4 worms (D:2)
  10 orcs
  6 bats
  8 goblins
  7 hobgoblins
  7 jackals (D:1)
  4 kobolds
  2 ball pythons
  2 giant geckos
  2 giant newts (D:1)
  8 rats
66 creatures vanquished.

Vanquished Creatures (others)
  An orc wizard (D:4)
1 creature vanquished.

Grand Total: 67 creatures vanquished

Notes
Turn   | Place    | Note
--------------------------------------------------------------
     0 | D:1      | Ghalim, the Gargoyle Fighter, began the quest for the Orb.
     0 | D:1      | Reached XP level 1. HP: 14/14 MP: 1/1
    91 | D:1      | Reached XP level 2. HP: 16/19 MP: 2/2
   641 | D:1      | Reached XP level 3. HP: 19/23 MP: 3/3
   859 | D:2      | Reached skill level 4 in Fighting
   907 | D:2      | Found a shadowy altar of Dithmenos.
   964 | D:2      | Reached XP level 4. HP: 20/29 MP: 4/4
  1757 | D:3      | Noticed a giant frog
  1780 | D:3      | Killed a giant frog
  1780 | D:3      | Reached XP level 5. HP: 27/34 MP: 5/5
  2146 | D:4      | Reached skill level 5 in Maces & Flails
  2405 | D:3      | Reached XP level 6. HP: 40/40 MP: 6/6
  2622 | D:3      | Found a burning altar of Makhleb.
  2759 | D:4      | Noticed an orc warrior
  2826 | D:4      | Noticed an ogre
  2837 | D:4      | Slain by an ogre

Action                   |  1- 3 |  4- 6 || total
-------------------------+-------+-------++-------
Melee: Flail             |   116 |   168 ||   284
  Use: Potion            |       |     1 ||     1
  Eat: Chunk             |       |     6 ||     6
